 Dungeon Crawl Stone Soup version 0.25-a0-972-g74ed164fb1 (webtiles) character file.

Game seed: 12844698702904742857, levelgen mode: deterministic

113 Chiseanne the Skirmisher (level 4, 0/35 HPs)
             Began as a Demonspawn Wanderer on May 9, 2020.
             Slain by an orc
             ... wielding a +0 mace
              (7 damage)
             ... on level 3 of the Dungeon.
             The game lasted 00:05:09 (2223 turns).

Chiseanne the Skirmisher (Demonspawn Wanderer)      Turns: 2223, Time: 00:05:09

Health: 0/35       AC:  6    Str: 12    XL:     4   Next: 65%
Magic:  7/7        EV: 12    Int: 13    God:
Gold:   59         SH:  0    Dex: 14    Spells: 7/7 levels left

rFire    . . .     SeeInvis .   a - +1 short sword (speed)
rCold    . . .     Gourm    .   (no shield)
rNeg     . . .     Faith    .   e - +0 robe
rPois    .         Spirit   .   (no helmet)
rElec    .         Reflect  .   q - +1 cloak
rCorr    .         Harm     .   o - +1 pair of gloves
MR       .....                  (no boots)
Stlth    +.........             (no amulet)
HPRegen  0.11/turn              (no ring)
MPRegen  0.10/turn              (no ring)

@: no status effects
A: claws 1, spiny 1
a: no special abilities


You were on level 3 of the Dungeon.
You were not hungry.

You visited 1 branch of the dungeon, and saw 3 of its levels.

You collected 59 gold pieces.

Inventory:

Hand Weapons
 a - a +1 short sword of speed (weapon)
 r - a +3 dagger
 s - a +0 spear
Missiles
 g - 14 arrows
 m - 40 stones (quivered)
Armour
 e - a +0 robe (worn)
 o - a +1 pair of gloves (worn)
 q - a +1 cloak (worn)
Jewellery
 d - a cursed ring of wizardry
Scrolls
 j - 2 scrolls of enchant armour
 l - 3 scrolls of remove curse
Potions
 c - a potion of lignification
 i - 2 potions of haste
 k - a potion of resistance
 n - a potion of curing
 p - a potion of stabbing {unknown}
Comestibles
 f - 5 rations
 h - 4 chunks of flesh


   Skills:
 * Level 3.2 Fighting
 - Level 1.0 Polearms
 - Level 1.8 Throwing
 * Level 2.5 Armour
 - Level 1.0 Dodging
 - Level 2.0 Spellcasting
   Level 1.0 Summonings
   Level 2.1 Necromancy


You had 7 spell levels left.
You didn't know any spells.
Your spell library was empty.

Dungeon Overview and Level Annotations

Branches:
Dungeon (3/15)

Altars:
Elyvilon
Yredelemnul


Innate Abilities, Weirdness & Mutations

You have sharp fingernails.
You are partially covered in sharp spines.


Message History

You hit the orc wizard.
You kill the orc wizard!
Your Fighting skill increases to level 3!
You closely miss the orc. The orc hits you with a +0 mace.
* * * LOW HITPOINT WARNING * * *
You hit the orc but do no damage. You hit the orc.
The orc is lightly wounded.
The orc hits you with a +0 mace.
* * * LOW HITPOINT WARNING * * *
Throwing (i - inventory. (/) - cycle)
b - a curare-tipped dart (quivered)
Press: ? - help, Shift-Dir - straight line, f - orc
Aim: an orc, wielding a +0 mace and wearing a +2 ring mail of fire resistance (lightly wounded)
You throw a curare-tipped dart. The curare-tipped dart hits the orc.
The orc is poisoned.
The orc convulses.
The orc seems to slow down.
The orc is almost dead.
You hit the orc but do no damage.
The orc is almost dead.
The orc hits you with a +0 mace!
You die...

#.....# #.....#
... #.....# ...
###.### #.# #.#
#.# #.# #.# ##
#.#### #.# .#
#....#
##(###### .#
####.###
#.)o@...# .#
#...###.#####.#
#
.######....o..#
#.####....
......)...###.#
#.......#
####.###### #.#
#.####.## #...#
#.#####.# #<..#
#.......###
#...#
###.......#
#...# #o.####.#


You could see an orc (very poisoned, slow).

Vanquished Creatures
  An orc wizard (D:3)
  3 adders
  A worm (D:2)
  3 dart slugs
  A leopard gecko (D:1)
  2 orcs (D:3)
  A giant cockroach (D:2)
  7 goblins
  7 hobgoblins
  4 jackals (D:2)
  4 kobolds
  A ball python (D:1)
  2 bats
  3 frilled lizards
  7 rats
47 creatures vanquished.

Vanquished Creatures (others)
  A hobgoblin (D:3)
1 creature vanquished.

Grand Total: 48 creatures vanquished

Notes
Turn   | Place    | Note
-------+----------+-------------------------------------------
     0 | D:1      | Chiseanne the Demonspawn Wanderer began the quest for the
                  | Orb.
     0 | D:1      | Chiseanne set off with the following items: a +2 dagger, 3
                  | curare-tipped darts, a potion of lignification, a +0 spear,
                  | a +0 robe, a ration
     0 | D:1      | Reached XP level 1. HP: 15/15 MP: 3/3
   347 | D:1      | Gained mutation: You are partially covered in sharp spines.
                  | [demonic ancestry]
   347 | D:1      | Reached XP level 2. HP: 15/21 MP: 5/5
   606 | D:1      | Reached skill level 1 in Armour
   829 | D:2      | Reached skill level 2 in Fighting
   829 | D:2      | Reached XP level 3. HP: 20/27 MP: 6/6
  1255 | D:2      | Found a white marble altar of Elyvilon.
  1405 | D:2      | Found a faded altar of an unknown god.
  1422 | D:2      | Found a basalt altar of Yredelemnul.
  2074 | D:3      | Gained mutation: You have sharp fingernails. [demonic
                  | ancestry]
  2074 | D:3      | Reached XP level 4. HP: 34/34 MP: 7/7
  2218 | D:3      | Reached skill level 3 in Fighting
  2223 | D:3      | Slain by an orc

Illustrated notes

Levels and vault maps discovered:
D:1:      eino_arrival_druids_welcome, layout_rooms
D:2:      layout_basic, overflow_temple_1_default,
          chequers_ecumenical_altar_island, yredelemnul_altar_generic
D:3:      layout_loops_cross, fiery_altar_vehumet, uniq_grinder

Skill      XL: |  1  2  3  4 |
---------------+-------------+-----
Armour         | 1 2 |  2.5
Fighting       | 2 3 |  3.2
Polearms       | |  1.0
Throwing       | |  1.8
Dodging        | |  1.0
Spellcasting   | |  2.0
Summonings     | |  1.0
Necromancy     | |  2.1

Action                   |  1- 3 |  4- 6 || total
-------------------------+-------+-------++-------
Melee: Dagger            |   111 |     6 ||   117
       Short sword       |       |    17 ||    17
Throw: Dart              |     2 |     3 ||     5
  Use: Scroll            |     8 |     1 ||     9
 Stab: Sleeping          |     3 |     1 ||     4
  Eat: Chunk             |     4 |       ||     4
Armor: Robe              |    29 |     4 ||    33
Dodge: Dodged            |    57 |    10 ||    67

Table legend:
 A = Non-vault XP
 B = Vault XP
 C = Vault XP percentage of total XP
 D = Non-vault monster count
 E = Vault monster count
 F = Vault count percentage of total count
                 A         B        C        D         E       F
            +---------+---------+-------+---------+---------+-------
      Total |     162 |       0 |   0.0 |      47 |       0 |   0.0
            +---------+---------+-------+---------+---------+-------
        D:1 |      30 |       0 |   0.0 |      15 |       0 |   0.0
        D:2 |      66 |       0 |   0.0 |      23 |       0 |   0.0
        D:3 |      66 |       0 |   0.0 |       9 |       0 |   0.0
            +---------+---------+-------+---------+---------+-------
